MID
BINGHAMTON METS @ KANE COUNTY COUGARS
08/05/2044
 
TOP OF THE 1ST
Binghamton Mets batting - Pitching for Kane County Cougars : RHP Chad Toms
Pitching: RHP Chad Toms
Batting: LHB Jose Chavez 0-0: Called Strike
0-1: Swinging Strike
0-2: Foul Ball, location: 2F
0-2: Strikes out swinging
Batting: RHB Jose Copado 0-0: SINGLE (Groundball, 4D, EV 101.3 MPH)
Batting: SHB Alex Orozco 0-0: Ball
1-0: Ball
Jose Copado steals 2nd base
2-0: Called Strike
2-1: Called Strike
2-2: Ball
3-2: Strikes out swinging
Batting: RHB Andy Solorzano 0-0: Swinging Strike
0-1: Ball
1-1: Swinging Strike
1-2: Ball
2-2: Foul Ball, location: 2F
2-2: Fly out, F3 (Popup, 34S, EV 69.4 MPH)
Top of the 1st over - 0 runs, 1 hit, 0 errors, 1 left on base; Binghamton 0 - Kane County 0
BOTTOM OF THE 1ST
Kane County Cougars batting - Pitching for Binghamton Mets : RHP Hugo Valentin
Pitching: RHP Hugo Valentin
Batting: LHB Willie Gutierrez 0-0: Foul Ball, location: 2F
0-1: Ball
1-1: Ground out 1-3 (Groundball, P, EV 68.8 MPH)
Batting: RHB Franklin Villanueva 0-0: Ball
1-0: Called Strike
1-1: Foul Ball, location: 2F
1-2: Foul Ball, location: 2F
1-2: Foul Ball, location: 2F
1-2: Ball
2-2: Strikes out swinging
Batting: RHB Dave Vargas 0-0: Swinging Strike
0-1: Ball
1-1: Foul Ball, location: 2F
1-2: Ball
2-2: Strikes out swinging
Bottom of the 1st over - 0 runs, 0 hits, 0 errors, 0 left on base; Binghamton 0 - Kane County 0
TOP OF THE 2ND
Binghamton Mets batting - Pitching for Kane County Cougars : RHP Chad Toms
Batting: LHB Nate Trahan 0-0: Called Strike
0-1: Called Strike
0-2: SOLO HOME RUN (Flyball, 89XD, EV 100.6 MPH), Distance : 393 ft
Batting: RHB Joe Kooyers 0-0: Called Strike
0-1: Foul Ball, location: 2F
0-2: Ball
1-2: Fly out, F4 (Popup, 34, EV 68.1 MPH)
Batting: RHB Matt Skipper 0-0: Ground out 6-3 (Groundball, 6, EV 80.6 MPH)
Batting: LHB Joel Soto 0-0: Ground out 4-3 (Groundball, 4, EV 83.1 MPH)
Top of the 2nd over - 1 run, 1 hit, 0 errors, 0 left on base; Binghamton 1 - Kane County 0
BOTTOM OF THE 2ND
Kane County Cougars batting - Pitching for Binghamton Mets : RHP Hugo Valentin
Batting: RHB Marlon Reda 0-0: Ball
1-0: Ground out 5-3 (Groundball, 56S, EV 67.5 MPH)
Batting: LHB T.J. Duvall 0-0: Foul Ball, location: 2F
0-1: Called Strike
0-2: Ball
1-2: Ball
2-2: Foul Ball, location: 2F
2-2: Ball
3-2: Strikes out swinging
Batting: RHB Matt Maxwell 0-0: Called Strike
0-1: Swinging Strike
0-2: Strikes out swinging
Bottom of the 2nd over - 0 runs, 0 hits, 0 errors, 0 left on base; Binghamton 1 - Kane County 0
TOP OF THE 3RD
Binghamton Mets batting - Pitching for Kane County Cougars : RHP Chad Toms
Batting: LHB Tom Prayer 0-0: Called Strike
0-1: Foul Ball, location: 2F
0-2: Ball
1-2: Ball
2-2: Ground out 6-3 (Groundball, 6, EV 82.5 MPH)
Batting: LHB Jose Chavez 0-0: Ball
1-0: Called Strike
1-1: Called Strike
1-2: Ground out U3 (Groundball, 3, EV 98.8 MPH)
Batting: RHB Jose Copado 0-0: Called Strike
0-1: SINGLE (Line Drive, 56D, EV 97.5 MPH)
Batting: SHB Alex Orozco 0-0: Ball
1-0: Foul Ball, location: 2F
1-1: Called Strike
1-2: Ball
2-2: Foul Ball, location: 2F
2-2: Ground out 6-3 (Groundball, 4, EV 86.9 MPH)
Top of the 3rd over - 0 runs, 1 hit, 0 errors, 1 left on base; Binghamton 1 - Kane County 0
BOTTOM OF THE 3RD
Kane County Cougars batting - Pitching for Binghamton Mets : RHP Hugo Valentin
Batting: RHB John Pena 0-0: Called Strike
0-1: Called Strike
0-2: Ball
1-2: Foul Ball, location: 2F
1-2: Strikes out swinging
Batting: RHB Curt Barrett 0-0: Called Strike
0-1: Ground out 1-3 (Groundball, P, EV 64.4 MPH)
Batting: LHB Brian Nielsen 0-0: Ball
1-0: Foul Ball, location: 2F
1-1: Ball
2-1: Ground out 5-3 (Groundball, 5, EV 98.8 MPH)
Bottom of the 3rd over - 0 runs, 0 hits, 0 errors, 0 left on base; Binghamton 1 - Kane County 0
TOP OF THE 4TH
Binghamton Mets batting - Pitching for Kane County Cougars : RHP Chad Toms
Batting: RHB Andy Solorzano 0-0: Called Strike
0-1: Ball
1-1: Called Strike
1-2: Strikes out swinging
Batting: LHB Nate Trahan 0-0: Ground out 4-3 (Groundball, 4, EV 97.5 MPH)
Batting: RHB Joe Kooyers 0-0: Ball
1-0: Ball
2-0: Called Strike
2-1: Called Strike
2-2: Ball
3-2: Base on Balls
Batting: RHB Matt Skipper 0-0: DOUBLE (Line Drive, 9LS, EV 103.1 MPH)
Joe Kooyers to third
Runner from 3rd tries for Home, throw by RF and OUT! 9-4-2
Top of the 4th over - 0 runs, 1 hit, 0 errors, 1 left on base; Binghamton 1 - Kane County 0
BOTTOM OF THE 4TH
Kane County Cougars batting - Pitching for Binghamton Mets : RHP Hugo Valentin
Batting: LHB Willie Gutierrez 0-0: Ball
1-0: Foul Ball, location: 2F
1-1: Called Strike
1-2: Ball
2-2: Fly out, F5 (Popup, 56S, EV 68.1 MPH)
Batting: RHB Franklin Villanueva 0-0: Called Strike
0-1: Ball
1-1: SINGLE (Line Drive, 5D, EV 96.3 MPH)
Batting: RHB Dave Vargas 0-0: Called Strike
0-1: Ball
1-1: Ball
2-1: Ball
3-1: Base on Balls
Franklin Villanueva to second
Batting: RHB Marlon Reda 0-0: Foul Ball, location: 2F
0-1: Ball
1-1: Foul Ball, location: 2F
1-2: Ball
2-2: Fly out, F8 (Flyball, 8LS, EV 91.9 MPH)
Batting: LHB T.J. Duvall 0-0: Foul Ball, location: 2F
0-1: Called Strike
0-2: Strikes out swinging
Bottom of the 4th over - 0 runs, 1 hit, 0 errors, 2 left on base; Binghamton 1 - Kane County 0
TOP OF THE 5TH
Binghamton Mets batting - Pitching for Kane County Cougars : RHP Chad Toms
Batting: LHB Joel Soto 0-0: SINGLE (Groundball, 56D, EV 106.9 MPH)
Batting: LHB Tom Prayer 0-0: Ball
1-0: Fly out, F8 (Line Drive, 8RD, EV 94.4 MPH)
Batting: LHB Jose Chavez 0-0: Fielders Choice at 2nd, 6-4 (Groundball, 6, EV 90.6 MPH)
Batting: RHB Jose Copado 0-0: Ball
1-0: Ball
2-0: Ball
3-0: Called Strike
3-1: Fly out, F8 (Flyball, 8RS, EV 92.5 MPH)
Top of the 5th over - 0 runs, 1 hit, 0 errors, 1 left on base; Binghamton 1 - Kane County 0
BOTTOM OF THE 5TH
Kane County Cougars batting - Pitching for Binghamton Mets : RHP Hugo Valentin
Batting: RHB Matt Maxwell 0-0: Ball
1-0: Ball
2-0: Called Strike
2-1: Fly out, F8 (Flyball, 8RM, EV 94.4 MPH)
Batting: RHB John Pena 0-0: Ball
1-0: Ball
2-0: Ball
3-0: Called Strike
3-1: Foul Ball, location: 2F
3-2: SINGLE (Line Drive, 89S, EV 86.9 MPH)
Batting: RHB Curt Barrett 0-0: Ball
1-0: Called Strike
1-1: Foul Ball, location: 2F
1-2: Ball
2-2: Strikes out swinging
Batting: LHB Brian Nielsen 0-0: Foul Ball, location: 2F
0-1: Ground out 4-3 (Groundball, 4D, EV 105.6 MPH)
Bottom of the 5th over - 0 runs, 1 hit, 0 errors, 1 left on base; Binghamton 1 - Kane County 0
TOP OF THE 6TH
Binghamton Mets batting - Pitching for Kane County Cougars : RHP Chad Toms
Batting: SHB Alex Orozco 0-0: Ball
1-0: Ground out U3 (Groundball, 3L, EV 102.5 MPH)
Batting: RHB Andy Solorzano 0-0: Called Strike
0-1: Swinging Strike
0-2: Foul Ball, location: 2F
0-2: Ball
1-2: Strikes out looking
Batting: LHB Nate Trahan 0-0: Swinging Strike
0-1: Foul Ball, location: 2F
0-2: Strikes out looking
Top of the 6th over - 0 runs, 0 hits, 0 errors, 0 left on base; Binghamton 1 - Kane County 0
BOTTOM OF THE 6TH
Kane County Cougars batting - Pitching for Binghamton Mets : RHP Hugo Valentin
Batting: LHB Willie Gutierrez 0-0: Ball
1-0: Called Strike
1-1: Swinging Strike
1-2: Foul Ball, location: 2F
1-2: Ball
2-2: Foul Ball, location: 2F
2-2: Ball
3-2: Fly out, F6 (Popup, 6, EV 71.3 MPH)
Batting: RHB Franklin Villanueva 0-0: Ball
1-0: Swinging Strike
1-1: DOUBLE (Line Drive, 8LD, EV 104.4 MPH)
Batting: RHB Dave Vargas 0-0: Ball
1-0: Ball
2-0: Ball
3-0: Base on Balls
Batting: RHB Marlon Reda 0-0: Ball
1-0: Ball
2-0: Called Strike
2-1: Grounds into double play, 4-6-3 (Groundball, 4, EV 93.8 MPH)
Bottom of the 6th over - 0 runs, 1 hit, 0 errors, 1 left on base; Binghamton 1 - Kane County 0
TOP OF THE 7TH
Binghamton Mets batting - Pitching for Kane County Cougars : RHP Chad Toms
Batting: RHB Joe Kooyers 0-0: Ball
1-0: Ball
2-0: Called Strike
2-1: Ball
3-1: Called Strike
3-2: SOLO HOME RUN (Flyball, 78XD, EV 99.4 MPH), Distance : 394 ft
Batting: RHB Matt Skipper 0-0: Reached on error, E6 (Groundball, 6S, EV 85.0 MPH)
Batting: LHB Joel Soto 0-0: Ground out 4-3 (Groundball, 4, EV 104.4 MPH)
Matt Skipper to third
Batting: LHB Tom Prayer 0-0: DOUBLE (Groundball, 5L, EV 98.1 MPH)
Matt Skipper scores
Batting: LHB Jose Chavez 0-0: Foul Ball, location: 2F
0-1: Ball
1-1: Swinging Strike
1-2: Strikes out looking
Batting: RHB Jose Copado 0-0: Called Strike
0-1: Ball
1-1: Ball
2-1: Called Strike
2-2: Foul Ball, location: 2F
2-2: Ball
3-2: Base on Balls
Pitching: RHP Ming-feng Pi
Batting: SHB Alex Orozco 0-0: Foul Ball, location: 2F
0-1: Swinging Strike
0-2: Ball
1-2: Strikes out swinging
Top of the 7th over - 2 runs, 2 hits, 1 error, 2 left on base; Binghamton 3 - Kane County 0
BOTTOM OF THE 7TH
Kane County Cougars batting - Pitching for Binghamton Mets : RHP Hugo Valentin
Batting: LHB T.J. Duvall 0-0: Ground out 6-3 (Groundball, 6, EV 101.9 MPH)
Pitching: LHP David Mars
Batting: RHB Matt Maxwell 0-0: Swinging Strike
0-1: Swinging Strike
0-2: Ball
1-2: Foul Ball, location: 2F
1-2: Ball
2-2: Ball
3-2: Strikes out swinging
Batting: RHB John Pena 0-0: Foul Ball, location: 2F
0-1: Ball
1-1: Fly out, F9 (Flyball, 89D, EV 71.3 MPH)
Bottom of the 7th over - 0 runs, 0 hits, 0 errors, 0 left on base; Binghamton 3 - Kane County 0
TOP OF THE 8TH
Binghamton Mets batting - Pitching for Kane County Cougars : RHP Ming-feng Pi
Batting: RHB Andy Solorzano 0-0: Fly out, F2 (Popup, 3SF, EV 75.6 MPH)
Batting: LHB Nate Trahan 0-0: Ball
1-0: Foul Ball, location: 2F
1-1: Ball
2-1: Foul Ball, location: 2F
2-2: Ball
3-2: Foul Ball, location: 2F
3-2: Foul Ball, location: 2F
3-2: Ground out 6-3 (Groundball, 6D, EV 78.8 MPH)
Batting: RHB Joe Kooyers 0-0: Foul Ball, location: 2F
0-1: Swinging Strike
0-2: Ball
1-2: Ball
2-2: Fly out, F9 (Flyball, 9LS, EV 72.5 MPH)
Top of the 8th over - 0 runs, 0 hits, 0 errors, 0 left on base; Binghamton 3 - Kane County 0
BOTTOM OF THE 8TH
Kane County Cougars batting - Pitching for Binghamton Mets : LHP David Mars
Pitching: LHP Matt Allert
Batting: RHB Curt Barrett 0-0: Foul Ball, location: 2F
0-1: Ball
1-1: Ball
2-1: SINGLE (Flyball, 89S, EV 93.1 MPH)
Pinch Hitting: RHB Wes Santiago 0-0: Called Strike
0-1: Ball
1-1: Foul Ball, location: 2F
1-2: Ball
2-2: Ball
3-2: SINGLE (Groundball, 56D, EV 96.3 MPH)
Curt Barrett to second
Batting: LHB Willie Gutierrez 0-0: SINGLE (Groundball, P, EV 81.3 MPH) (infield hit)
Curt Barrett to third
Wes Santiago to second
Batting: RHB Franklin Villanueva 0-0: Ball
1-0: Ball
2-0: Swinging Strike
2-1: SINGLE (Groundball, 6M, EV 103.1 MPH)
Curt Barrett scores
Wes Santiago to third
Willie Gutierrez to second
Batting: RHB Dave Vargas 0-0: Ball
1-0: Ball
2-0: Foul Ball, location: 2F
2-1: Ball
3-1: Foul Ball, location: 2F
3-2: DOUBLE (Flyball, 8LXD, EV 94.4 MPH)
Wes Santiago scores
Willie Gutierrez scores
Franklin Villanueva to third
Batting: RHB Marlon Reda 0-0: Intentional Walk
Pinch Hitting: RHB Jake Hodge 0-0: Ball
1-0: Fly out, F8 (Flyball, 8LD, EV 95.0 MPH)
Runner from 3rd tags up, SCORES, throw by CF
Pitching: LHP Jonathan Gendron
Batting: RHB Matt Maxwell 0-0: Called Strike
0-1: Foul Ball, location: 2F
0-2: Foul Ball, location: 2F
0-2: Fly out, F5 (Popup, 15, EV 71.9 MPH)
Batting: RHB John Pena 0-0: SINGLE (Flyball, 56D, EV 94.4 MPH)
Dave Vargas to third
Marlon Reda to second
Runner from 3rd tries for Home, throw by LF and OUT! 7-2
Bottom of the 8th over - 4 runs, 6 hits, 0 errors, 2 left on base; Binghamton 3 - Kane County 4
TOP OF THE 9TH
Binghamton Mets batting - Pitching for Kane County Cougars : RHP Ming-feng Pi
Pitching: LHP Yorihiko Honda
Now at 1B: Jake Hodge
Now at 2B: Jason Rivers
Batting: RHB Matt Skipper 0-0: SINGLE (Line Drive, 7LM, EV 100.6 MPH)
Pinch Hitting: RHB Dave Conde 0-0: Called Strike
0-1: Bunted foul
0-2: Grounds into double play, 6-4-3 (Groundball, 6, EV 81.9 MPH)
Pinch Hitting: RHB Steve Dunaway 0-0: Ball
1-0: Ground out 6-3 (Groundball, 56S, EV 70.0 MPH)
Top of the 9th over - 0 runs, 1 hit, 0 errors, 0 left on base; Binghamton 3 - Kane County 4
Thursday, March 31st , 2022 - OOTP Baseball 22.12 Build 89